 Dungeon Crawl Stone Soup version 0.28.0-43-g3370ac3207 (webtiles) character file.

Game seed: 177352535133473506

89 weregamer the Sneak (level 4, -1/19 HPs)
             Began as a Felid Transmuter on Apr 1, 2022.
             Killed by divine providence
             ... invoked by an orc priest
              (13 damage)
             ... on level 4 of the Dungeon.
             The game lasted 00:13:06 (3526 turns).

weregamer the Sneak (Felid Transmuter)              Turns: 3526, Time: 00:13:09

Health: -1/19      AC:  1    Str:  6    XL:     4   Next: 31%
Magic:  5/8        EV: 19    Int: 14    God:
Gold:   62         SH:  0    Dex: 18    Spells: 1/7 levels left
                                        Lives:  0   Deaths: 1

rFire   + . .      SeeInvis +     - Unarmed
rCold   . . .      Faith    .   (shield unavailable)
rNeg    . . .      Spirit   .   (armour unavailable)
rPois   .          Reflect  .   (helmet unavailable)
rElec   .          Harm     .   (cloak unavailable)
rCorr   .          Rampage  .   (gloves unavailable)
Will    .....                   (boots unavailable)
Stlth   +++.......              (no amulet)
HPRegen 0.06/turn               f - ring of wizardry
MPRegen 0.11/turn               a - ring of protection from fire

@: appendages, wereblooded, quick
A: horns 2, very small, claws 1, fangs 3, see invisible, speed 1, shaggy fur 1,
stealthy paws, no weapons or thrown items, no armour, multi-lived
a: End Transformation


You were on level 4 of the Dungeon.
You had temporarily grown beastly horns.
You visited 1 branch of the dungeon, and saw 4 of its levels.

You collected 62 gold pieces.

Inventory:

Jewellery
 a - a ring of protection from fire (right paw)
 f - a ring of wizardry (left paw)
 l - a ring of fire
Potions
 b - a potion of invisibility {unknown}
 c - a potion of flight {unknown}
 d - a potion of attraction {unknown}
 e - a potion of heal wounds {unknown}
 g - a potion of ambrosia {unknown}
 h - a potion of degeneration {unknown}


   Skills:
 - Level 1.0 Fighting
 + Level 4.0 Dodging
 * Level 4.2 Stealth
 - Level 3.0 Unarmed Combat
 - Level 2.0 Spellcasting
 + Level 4.1 Transmutations


You had one spell level left.
You knew the following spells:

 Your Spells              Type           Power      Damage    Failure   Level
a - Beastly Appendage     Tmut           24%        N/A       1%          1
b - Wereblood             Tmut           12%        N/A       2%          2
c - Spider Form           Tmut/Pois      7%         N/A       12%         3

Your spell library contained the following spells:

 Spells                   Type           Power      Damage    Failure   Level
 Animate Skeleton         Necr           2%         N/A       10%         1
 Pain                     Necr           4%         1d4       10%         1
 Slow                     Hex            4%         N/A       10%         1
 Confusing Touch          Hex            1%         N/A       26%         3
 Gell's Gravitas          Tloc           1%         N/A       26%         3
 Lesser Beckoning         Tloc           1%         N/A       26%         3
 Teleport Other           Tloc           1%         N/A       26%         3
 Vampiric Draining        Necr           1%         2d6       26%         3
 Ice Form                 Ice/Tmut       7%         N/A       38%         4


Dungeon Overview and Level Annotations

Branches:
Dungeon (4/15)
 Temple: D:4-7

Altars:

Annotations:
D:4 Robin


Innate Abilities, Weirdness & Mutations

You have temporarily grown beastly horns.
You have sharp claws.
You have razor-sharp teeth.
You have supernaturally acute eyesight. (SInv)
You cover ground quickly. (Speed+)
You are covered in fur. (AC +1)
Your paws help you pounce on unaware monsters.
You are incapable of wielding weapons or throwing items.
You cannot wear armour.
You gain extra lives every three experience levels.


Message History

The jackal is almost dead.
You hear a shout!
A goblin comes into view. It is wielding a +0 club.
The jackal closely misses you.
Robin roars a battlecry!
The goblins go into a battle-frenzy!
You closely miss the jackal. Your headbutt misses the jackal.
The jackal is almost dead.
The jackal barely misses you.
A goblin comes into view. It is wielding a +0 club.
Robin throws the goblin at you! The goblin completely misses you.
The jackal closely misses you.
Your transformation is almost over.
Casting: Beastly Appendage (safe; 1% risk of failure)
Confirm with . or Enter, or press ? or * to list all spells.
You extend your transformation's duration.
The jackal barely misses you.
An orc priest comes into view. It is wielding a +0 club.
Casting: Beastly Appendage (safe; 1% risk of failure)
Confirm with . or Enter, or press ? or * to list all spells.
Your blood is infused with primal strength.
The jackal barely misses you.
You scratch the jackal.
You kill the jackal!
The orc priest casts a cantrip, but nothing happens.
An orc comes into view. It is wielding a +0 falchion.
The orc priest hits you with a +0 club.
The orc shouts!
You scratch the orc priest. Your headbutt misses the orc priest.
The orc priest is moderately wounded.
You hear a shout! x2
The jackal misses you. The orc priest hits you with a +0 club.
You claw the orc priest!
The orc priest is severely wounded.
The jackal completely misses you.
An orc comes into view. It is wielding a +0 club.
The orc priest calls down the wrath of Beogh upon you.
Beogh smites you!
Ouch! That really hurt!
You die...

... ... ##..... ..
..>....## o.
#.......# .###
#.......# .o#
#.......##### #o#
.........o..# #@#
#......g...# #h#
##.........####g#
.g......g....g.go###
g#..g###......g....##
...g
..#.....g.......# ..g
.....g......##.$...
.. ...##........#
##### # ## #......†.#


You could see an orc priest, 3 orcs, a jackal and 2 goblins.

Vanquished Creatures
  An orc priest (D:3)
  An orc wizard (D:3)
  2 adders (D:2)
  An adder skeleton (D:2)
  3 worms (D:2)
  2 dart slugs (D:1)
  4 orcs (D:3)
  7 endoplasms
  4 giant cockroaches
  4 hobgoblins
  3 jackals
  5 quokkas
  6 ball pythons
  4 bats (D:1)
  7 frilled lizards
  3 kobolds (D:1)
  2 rats (D:1)
59 creatures vanquished.

Notes
Turn   | Place    | Note
-------+----------+-------------------------------------------
     0 | D:1      | weregamer the Felid Transmuter began the quest for the Orb.
     0 | D:1      | Reached XP level 1. HP: 9/9 MP: 4/4
    25 | D:1      | Reached skill level 1 in Stealth
    74 | D:1      | Reached XP level 2. HP: 5/12 MP: 4/6
   351 | D:1      | Found a faded altar of an unknown god.
  1144 | D:1      | Reached XP level 3. HP: 15/15 MP: 5/7
  1357 | D:1      | Learned a level 2 spell: Wereblood
  1831 | D:2      | Noticed an ogre
  2161 | D:2      | Reached XP level 4. HP: 12/19 MP: 8/8
  2569 | D:3      | Learned a level 3 spell: Spider Form
  2800 | D:3      | Killed from afar by an orc wizard
  2801 | D:3      | Reached XP level 3. HP: -1/15 MP: 7/7
  2933 | D:3      | Reached XP level 4. HP: 4/19 MP: 8/8
  3508 | D:4      | Noticed Robin
  3526 | D:4      | Killed from afar by an orc priest

Illustrated notes

Levels and vault maps discovered:
D:1:      eino_arrival_tree_alley, layout_basic, serial_co_window_serial,
          co_window_paths_a, co_window_corner_a, co_window_of_opportunity_a,
          co_window_corner_a, co_window_of_opportunity_a, co_window_paths_b,
          co_window_cross_1, co_window_broadway_b, co_window_unsneaky_path_d,
          co_window_2corner, co_window_4corner_b, glass_columns_a,
          glass_columns_a, glass_columns_c, glass_columns_a, glass_columns_a,
          hellmonk_ecumenical_altar_blasted, minmay_pentomino_z4
D:2:      layout_basic
D:3:      layout_loops_ring
D:4:      cheibrodos_greedy_goblins, layout_rooms,
          mainiacjoe_overflow_six_doors_small, portal_sewer_entry_e,
          nicolae_shop_gadgets, uniq_robin

Skill      XL: |  1  2  3 |
---------------+----------+-----
Stealth        | 1 2 4 |  4.2
Dodging        | 3 4 |  4.0
Transmutations | 4 |  4.1
Fighting       | |  1.0
Unarmed Combat | |  3.0
Spellcasting   | |  2.0

Action                   |  1- 3 |  4- 6 || total
-------------------------+-------+-------++-------
Melee: Unarmed           |   111 |    43 ||   154
       Headbutt          |    23 |     7 ||    30
       Bite              |     8 |     5 ||    13
       Punch             |     2 |       ||     2
 Cast: Beastly Appendage |    31 |    10 ||    41
       Wereblood         |     2 |     2 ||     4
  Use: Scroll            |     3 |     3 ||     6
 Stab: Sleeping          |     3 |     2 ||     5
Armor: Skin              |     8 |     3 ||    11
Dodge: Dodged            |    69 |    29 ||    98
